 Dungeon Crawl Stone Soup version 0.31-a0-640-g39d97e502b (webtiles) character file.

Game seed: 2065601657351410990

165 CowFu the Ruffian (level 5, 0/40 HPs)
             Began as a Draconian Shapeshifter on Aug 28, 2023.
             Was an Initiate of Makhleb.
             Succumbed to a scorpion's poison
             ... on level 5 of the Dungeon.
             The game lasted 00:03:04 (2721 turns).

CowFu the Ruffian (Draconian Shapeshifter)          Turns: 2721, Time: 00:03:05

Health: 0/40       AC:  5    Str: 15 (16) XL:     5   Next: 21%
Magic:  5/5        EV: 12    Int:  7 (10) God:    Makhleb [......]
Gold:   183        SH:  0    Dex: 10 (13) Spells: 4/4 levels left

rFire   . .          .
                       - Unarmed
rCold   . . .        (no shield)
rNeg    + . .        (body armour unavailable)
rPois   .            (helmet currently unavailable)
rElec   .            (cloak currently unavailable)
rCorr   .            (gloves currently unavailable)
SInv    .            (boots currently unavailable)
Will    .....        (no amulet)
Stlth   +            n - ring of positive energy
HPRegen 0.26/turn    (no ring)
MPRegen 0.09/turn

%: no passive effects
@: lethally poisoned (0 -> -8), beast-form, attractive
A: beast (slay +2), AC +5, unfitting armour, cold-blooded
a: Begin Untransformation, Renounce Religion


You were on level 5 of the Dungeon.
You worshipped Makhleb.
Makhleb was noncommittal.
You were a hulking beast.
You visited 1 branch of the dungeon, and saw 5 of its levels.

You collected 183 gold pieces.

Inventory:

Armour
 e - a +0 pair of boots
 m - a +0 pair of gloves
 o - a scarf of invisibility
Jewellery
 d - a ring of ice
 n - a ring of positive energy (left hand)
 t - an amulet of magic regeneration
Talismans
 b - a beast talisman (active)
 c - a flux talisman
Wands
 p - a wand of roots (11)
Scrolls
 f - a scroll of noise {unknown}
 g - a scroll of amnesia {unknown}
 h - 2 scrolls of enchant armour {unknown}
 i - a scroll of poison {unknown}
 l - 2 scrolls of blinking {unknown}
 q - 2 scrolls of identify {unknown}
Potions
 a - a potion of lignification
 k - 2 potions of haste


   Skills:
 - Level 1.1 Fighting
 - Level 1.7 Dodging
 + Level 4.7 Unarmed Combat
 + Level 4.4 Shapeshifting


You had 4 spell levels left.
You didn't know any spells.
Your spell library contained the following spells:

 Spells                   Type           Power      Damage    Failure   Level
 Ozocubu's Armour         Ice            0%         N/A       80%         3
 Metabolic Englaciation   Hex/Ice        0%         N/A       100%        5
 Simulacrum               Ice/Necr       0%         N/A       100%        6


Dungeon Overview and Level Annotations

Branches:
Dungeon (5/15)
 Temple: D:4-7

Altars:
Makhleb

Shops:
D:1 (

Annotations:
D:4 Dowan, Duvessa


Innate Abilities, Weirdness & Mutations

You are a hulking beast.
Your limbs bulge with bestial killing power. (Slay +2)
Your plain brown scales are hard. (AC +5)
You cannot fit into any form of body armour.
You are cold-blooded and may be slowed by cold attacks.


Message History

The scorpion poisons you!
You hit the scorpion but do no damage.
The scorpion is heavily wounded.
You feel very sick. The scorpion closely misses you.
You closely miss the scorpion.
The scorpion is heavily wounded.
You feel very sick. The scorpion stings you.
* * * LOW HITPOINT WARNING * * *
You are more poisoned.
The scorpion poisons you!
You are too injured to fight recklessly!
It was a potion of heal wounds.
You feel much better.
You feel very sick. The scorpion stings you. The scorpion barely misses you.
You hit the scorpion.
The scorpion is severely wounded.
You feel very sick. The scorpion completely misses you.
You hit the scorpion but do no damage.
You tail-slap the scorpion, but do no damage.
The scorpion is severely wounded.
* * * LOW HITPOINT WARNING * * *
You feel very sick. The scorpion closely misses you.
You hit the scorpion.
You kill the scorpion!
Makhleb accepts your kill.
* * * LOW HITPOINT WARNING * * *
You feel very sick.
You have reached level 5!
It was a potion of attraction.
You feel attractive to monsters.
* * * LOW HITPOINT WARNING * * *
You feel very sick.
It was a potion of degeneration.
There was something very wrong with that liquid.
You feel weakened.
You feel dopey.
You feel clumsy.
You die...

##..## ####
.. #...# .
##..## #.
#...# #..
##..## #.#
#...#
#.#####...#
#...##...##
#..h....<#
#.†###..##
....#
###...
......
#.... ..$..
#.... .....
#... ....
... .... ..


There were no monsters in sight!

Vanquished Creatures
  A scorpion (D:5)
  A hound (D:5)
  An adder (D:2)
  A white imp (D:5)
  A worm (D:2)
  An endoplasm (D:1)
  4 giant cockroaches
  10 goblins
  7 hobgoblins
  4 jackals (D:1)
  4 kobolds
  2 quokkas (D:1)
  A ball python (D:1)
  5 bats
  4 frilled lizards
  9 rats
56 creatures vanquished.

Notes
Turn   | Place    | Note
-------+----------+-------------------------------------------
     0 | D:1      | CowFu the Draconian Shapeshifter began the quest for the
                  | Orb.
     0 | D:1      | Reached XP level 1. HP: 16/16 MP: 1/1
   250 | D:1      | Reached XP level 2. HP: 23/23 MP: 2/2
   544 | D:1      | Reached XP level 3. HP: 24/28 MP: 3/3
   838 | D:1      | Found Rimpiu's Weapon Shop.
  1980 | D:3      | Found a burning altar of Makhleb.
  2145 | D:3      | Reached XP level 4. HP: 35/35 MP: 4/4
  2167 | D:3      | Became a worshipper of Makhleb the Destroyer
  2495 | D:4      | Noticed Dowan
  2496 | D:4      | Noticed Duvessa
  2519 | D:5      | Entered Level 5 of the Dungeon
  2706 | D:5      | Noticed a scorpion
  2719 | D:5      | Killed a scorpion
  2720 | D:5      | Reached XP level 5. HP: 5/40 MP: 5/5
  2720 | D:5      | HP: 2/40 [poisoned by a scorpion]
  2721 | D:5      | Succumbed to a scorpion's poison

Illustrated notes

Levels and vault maps discovered:
D:1:      minmay_arrival_cross, layout_basic, serial_shops, shop
D:2:      layout_basic
D:3:      layout_loops_corners, mainiacjoe_overflow_six_doors_small
D:4:      layout_basic, roderic_serpentine_path, uniq_natasha, uniq_duvessa,
          uniq_edmund
D:5:      layout_cave_pods, mainiacjoe_overflow_surrounded_room,
          nicolae_overflow_hidden_temple, minmay_temple_entry_offerings

Skill      XL: |  1  2  3  4 |
---------------+-------------+-----
Unarmed Combat | 4 |  4.7
Shapeshifting  | 4 |  4.4
Fighting       | |  1.1
Dodging        | |  1.7

Action                     |  1- 3 |  4- 6 || total
---------------------------+-------+-------++-------
  Melee: Unarmed           |   116 |    30 ||   146
         Tailslap          |    15 |     8 ||    23
         Punch             |     1 |       ||     1
    Use: Potion            |       |     4 ||     4
   Stab: Sleeping          |     1 |       ||     1
 Armour: Skin              |    34 |     5 ||    39
  Dodge: Dodged            |    69 |    15 ||    84

Table legend: (Time is in decaauts)
 A = Elapsed time spent in this place.
 B = Non-inter-level travel time spent in this place.
 C = Inter-level travel time spent in this place.
 D = Time resting spent in this place.
 E = Time spent auto-exploring this place.
 F = Levels seen in this place.
 G = Mean time per level.
                   A        B        C        D        E       F      G
               +--------+--------+--------+--------+--------+-----+--------+
         Total |   2696 |   2587 |    109 |      0 |   2195 |   5 |  539.2 |
       Dungeon |   2696 |   2587 |    109 |      0 |   2195 |   5 |  539.2 |
               +--------+--------+--------+--------+--------+-----+--------+

Top non-repeatable levels by time:
     D:1: 921 daAuts
     D:3: 800 daAuts
     D:2: 744 daAuts
     D:5: 187 daAuts
     D:4: 42 daAuts
